[Event "World Senior chT-65 2019"]
[Site "Rhodes"]
[Date "2019.04.20"]
[Round "5.20"]
[White "Hewson, Brian W R"]
[Black "Buchal, Stephan"]
[Result "1/2-1/2"]
[ECO "E63"]
[WhiteElo "2004"]
[BlackElo "2283"]
[Annotator "NA"]
[PlyCount "46"]
[EventDate "2019.04.16"]
[EventType "team-tourn"]
[EventCountry "GRE"]
[SourceTitle "playchess.com"]
[Source "ChessBase"]
[SourceQuality "1"]
[WhiteTeam "England"]
[BlackTeam "Germany"]
[WhiteTeamCountry "ENG"]
[BlackTeamCountry "GER"]
[TimeControl "40/5400+30:1800+30"]

1. d4 d6 2. Nf3 g6 3. g3 Bg7 4. Bg2 Nf6 5. O-O O-O 6. c4 Nc6 7. Nc3 a6 8. a4 a5 9. d5 Nb4 10. Nd4 e5 11. dxe6 fxe6 12. h3 c6 13. e4 e5 14. Nc2 Be6 15. b3 Qc7 16. Ba3 Nxc2 17. Qxc2 Nd7 18. Rad1 Nc5 19. Bxc5 dxc5 20. Rd3 Rf7 21. Rfd1 Raf8 22. f3 Bh6 23. Kh2 Qc8 1/2-1/2

[Event "World Senior chT-65 2019"]
[Site "Rhodes"]
[Date "2019.04.20"]
[Round "5.22"]
[White "Seret, Jean-Luc"]
[Black "Holst, Per"]
[Result "1/2-1/2"]
[ECO "A08"]
[WhiteElo "2332"]
[BlackElo "2150"]
[Annotator "NA"]
[PlyCount "46"]
[EventDate "2019.04.16"]
[EventType "team-tourn"]
[EventCountry "GRE"]
[SourceTitle "playchess.com"]
[Source "ChessBase"]
[SourceQuality "1"]
[WhiteTeam "France"]
[BlackTeam "Denmark"]
[WhiteTeamCountry "FRA"]
[BlackTeamCountry "DEN"]
[TimeControl "40/5400+30:1800+30"]

1. e4 e6 2. d3 d5 3. Nd2 c5 4. g3 Nc6 5. Bg2 Nge7 6. Ngf3 g6 7. O-O Bg7 8. Re1 b6 9. exd5 Nxd5 10. c3 O-O 11. Nc4 Bb7 12. a4 Qc7 13. Qb3 h6 14. a5 Rad8 15. axb6 axb6 16. Nfd2 Nce7 17. Na3 Ra8 18. Nb5 Qd7 19. Rxa8 Rxa8 20. Nc4 Bc6 21. Nba3 Qc7 22. Nb5 Qd7 23. Nba3 Qc7 1/2-1/2

[Event "World Senior chT-65 2019"]
[Site "Rhodes"]
[Date "2019.04.20"]
[Round "5.23"]
[White "Hvenekilde, Jorgen"]
[Black "Sharif, Mehrshad"]
[Result "0-1"]
[ECO "D02"]
[WhiteElo "2046"]
[BlackElo "2331"]
[Annotator "NA"]
[PlyCount "78"]
[EventDate "2019.04.16"]
[EventType "team-tourn"]
[EventCountry "GRE"]
[SourceTitle "playchess.com"]
[Source "ChessBase"]
[SourceQuality "1"]
[WhiteTeam "Denmark"]
[BlackTeam "France"]
[WhiteTeamCountry "DEN"]
[BlackTeamCountry "FRA"]
[TimeControl "40/5400+30:1800+30"]

1. d4 d5 2. Nf3 Nf6 3. Bf4 c5 4. e3 Nc6 5. c3 Qb6 6. Qb3 c4 7. Qxb6 axb6 8. Nfd2 Bf5 9. f3 e6 10. e4 Bg6 11. Bg5 Be7 12. Bxf6 Bxf6 13. Na3 O-O 14. Nc2 b5 15. a3 e5 16. Ne3 dxe4 17. d5 Na5 18. Nxe4 Bxe4 19. fxe4 Nb3 20. Rd1 Nc5 21. Be2 Nxe4 22. O-O Be7 23. Bf3 Nd6 24. g4 g6 25. Bg2 Bg5 26. Rfe1 Rae8 27. Ra1 Bxe3+ 28. Rxe3 f5 29. gxf5 gxf5 30. a4 bxa4 31. Rxa4 e4 32. Bh3 Re5 33. Ra5 Kg7 34. Rc5 Rc8 35. Rxc8 Nxc8 36. Bf1 Nd6 37. Rg3+ Kf6 38. Rh3 Rxd5 39. Rxh7 Rd2 0-1

[Event "World Senior chT-65 2019"]
[Site "Rhodes"]
[Date "2019.04.20"]
[Round "5.24"]
[White "Giffard, Nicolas"]
[Black "Grevlund, Per"]
[Result "1-0"]
[ECO "D45"]
[WhiteElo "2252"]
[BlackElo "1998"]
[Annotator "NA"]
[PlyCount "83"]
[EventDate "2019.04.16"]
[EventType "team-tourn"]
[EventCountry "GRE"]
[SourceTitle "playchess.com"]
[Source "ChessBase"]
[SourceQuality "1"]
[WhiteTeam "France"]
[BlackTeam "Denmark"]
[WhiteTeamCountry "FRA"]
[BlackTeamCountry "DEN"]
[TimeControl "40/5400+30:1800+30"]

1. Nf3 Nf6 2. c4 e6 3. Nc3 d5 4. d4 c6 5. e3 Be7 6. Qc2 O-O 7. Bd2 Re8 8. e4 dxe4 9. Nxe4 Nbd7 10. Bd3 Nxe4 11. Bxe4 Nf6 12. Bd3 c5 13. dxc5 Bxc5 14. b4 Be7 15. O-O h6 16. a4 b6 17. a5 Bb7 18. Ne5 Qc7 19. Rfe1 Nd7 20. Nxd7 Qxd7 21. a6 Bc6 22. b5 Rad8 23. Bh7+ Kh8 24. Red1 Ba8 25. Bxh6 Qc7 26. Be3 Bc5 27. Bxc5 Qxc5 28. Bd3 Kg8 29. Bf1 Kf8 30. Rd2 Ke7 31. Rad1 g6 32. Qc3 Qc7 33. Rxd8 Rxd8 34. Rxd8 Qxd8 35. c5 Bd5 36. Qb4 Ke8 37. c6 Qe7 38. Qd4 Kd8 39. Qh8+ Kc7 40. Qe5+ Qd6 41. f4 f6 42. Qxf6 1-0

[Event "World Senior chT-65 2019"]
[Site "Rhodes"]
[Date "2019.04.20"]
[Round "5.25"]
[White "Baruch, Andrew J D"]
[Black "Opl, Klaus"]
[Result "1/2-1/2"]
[ECO "A16"]
[WhiteElo "2039"]
[BlackElo "2188"]
[Annotator "NA"]
[PlyCount "51"]
[EventDate "2019.04.16"]
[EventType "team-tourn"]
[EventCountry "GRE"]
[SourceTitle "playchess.com"]
[Source "ChessBase"]
[SourceQuality "1"]
[WhiteTeam "England"]
[BlackTeam "Austria"]
[WhiteTeamCountry "ENG"]
[BlackTeamCountry "AUT"]
[TimeControl "40/5400+30:1800+30"]

1. c4 Nf6 2. g3 g6 3. Bg2 Bg7 4. Nc3 O-O 5. Nf3 d6 6. O-O Nc6 7. d3 Nh5 8. Rb1 f5 9. Nd5 e6 10. Bg5 Qd7 11. Nf4 Nxf4 12. Bxf4 e5 13. Bd2 f4 14. b4 h6 15. b5 Ne7 16. Qb3 g5 17. Bc3 Nf5 18. Nd2 Kh8 19. c5 dxc5 20. Ne4 Qe7 21. Qc4 Nd4 22. Bxd4 cxd4 23. Rbc1 Rf7 24. Nc5 Rb8 25. Bd5 Rf8 26. Ne6 1/2-1/2

[Event "World Senior chT-65 2019"]
[Site "Rhodes"]
[Date "2019.04.20"]
[Round "5.26"]
[White "Woeber, Friedrich"]
[Black "Reuben, Stewart"]
[Result "1-0"]
[ECO "B21"]
[WhiteElo "2114"]
[BlackElo "1974"]
[Annotator "NA"]
[PlyCount "117"]
[EventDate "2019.04.16"]
[EventType "team-tourn"]
[EventCountry "GRE"]
[SourceTitle "playchess.com"]
[Source "ChessBase"]
[SourceQuality "1"]
[WhiteTeam "Austria"]
[BlackTeam "England"]
[WhiteTeamCountry "AUT"]
[BlackTeamCountry "ENG"]
[TimeControl "40/5400+30:1800+30"]

1. e4 c5 2. d4 cxd4 3. c3 d3 4. c4 Nc6 5. Bxd3 g6 6. Be3 Bg7 7. Qd2 Qa5 8. Nc3 d6 9. Rc1 Be6 10. Nf3 Rc8 11. b3 Ne5 12. Nxe5 Bxe5 13. O-O Nf6 14. f4 Bxc3 15. Qxc3 Qxc3 16. Rxc3 b6 17. Bd4 O-O 18. Bxf6 exf6 19. Rc2 Bd7 20. Kf2 Bc6 21. Ke3 Rfe8 22. Kd4 Re7 23. Re2 Rce8 24. Rfe1 Kf8 25. g3 h6 26. h4 Kg7 27. a4 Rd8 28. a5 Rb8 29. Kc3 Reb7 30. axb6 Rxb6 31. Bc2 a5 32. Rd2 Be8 33. Red1 a4 34. bxa4 Ra8 35. Rxd6 Rxd6 36. Rxd6 Bxa4 37. Bxa4 Rxa4 38. Kb3 Ra1 39. c5 Rc1 40. Kb4 Re1 41. Rd4 Kf8 42. c6 Ke7 43. Kc5 h5 44. Kb5 Rc1 45. Rd5 Rb1+ 46. Ka6 Ra1+ 47. Kb6 Rb1+ 48. Rb5 Rc1 49. Kb7 Kd8 50. Rd5+ Ke7 51. c7 Rb1+ 52. Kc6 Rc1+ 53. Rc5 Rxc5+ 54. Kxc5 Kd7 55. Kb6 Kc8 56. Kc6 f5 57. exf5 gxf5 58. Kd6 f6 59. Ke6 1-0

[Event "World Senior chT-65 2019"]
[Site "Rhodes"]
[Date "2019.04.20"]
[Round "5.27"]
[White "Valentine, Brian J"]
[Black "Titz, Heimo"]
[Result "1-0"]
[ECO "B47"]
[WhiteElo "1954"]
[BlackElo "2096"]
[Annotator "NA"]
[PlyCount "61"]
[EventDate "2019.04.16"]
[EventType "team-tourn"]
[EventCountry "GRE"]
[SourceTitle "playchess.com"]
[Source "ChessBase"]
[SourceQuality "1"]
[WhiteTeam "England"]
[BlackTeam "Austria"]
[WhiteTeamCountry "ENG"]
[BlackTeamCountry "AUT"]
[TimeControl "40/5400+30:1800+30"]

1. e4 c5 2. Nf3 e6 3. d4 cxd4 4. Nxd4 Nc6 5. Nc3 Qc7 6. g3 d6 7. Bg2 Bd7 8. O-O Be7 9. Nxc6 Bxc6 10. Be3 Nf6 11. Qe2 O-O 12. Rad1 Rfd8 13. f4 b6 14. Bd4 e5 15. Be3 Rac8 16. Rd2 Qb7 17. Nd5 Nxd5 18. exd5 Be8 19. fxe5 Qb8 20. Bf4 dxe5 21. Bxe5 Bd6 22. Bd4 Bd7 23. Qh5 g6 24. Qg5 Bc5 25. Qf6 Bxd4+ 26. Rxd4 Be8 27. c3 Rd6 28. Qf4 Qc7 29. Re1 Qd8 30. Rde4 Bb5 31. Re7 1-0

[Event "World Senior chT-65 2019"]
[Site "Rhodes"]
[Date "2019.04.20"]
[Round "5.28"]
[White "Danner, Lambert"]
[Black "Thynne, Trefor F"]
[Result "1-0"]
[ECO "A11"]
[WhiteElo "2013"]
[BlackElo "1907"]
[Annotator "NA"]
[PlyCount "83"]
[EventDate "2019.04.16"]
[EventType "team-tourn"]
[EventCountry "GRE"]
[SourceTitle "playchess.com"]
[Source "ChessBase"]
[SourceQuality "1"]
[WhiteTeam "Austria"]
[BlackTeam "England"]
[WhiteTeamCountry "AUT"]
[BlackTeamCountry "ENG"]
[TimeControl "40/5400+30:1800+30"]

1. g3 d5 2. c4 c6 3. Nf3 Nf6 4. Bg2 Bf5 5. Qb3 Qb6 6. cxd5 Qxb3 7. axb3 Bxb1 8. dxc6 Nxc6 9. Rxb1 e6 10. d3 Bc5 11. Bd2 Ke7 12. e3 Rhc8 13. Ke2 h6 14. Rhc1 Bd6 15. Rc4 Nd5 16. Ne1 Nb6 17. Rc2 Nd8 18. Bc3 f6 19. d4 Rc7 20. Ra1 Rcc8 21. Kd2 Nc6 22. Nd3 Rd8 23. Ba5 Nxa5 24. Rxa5 Rd7 25. Nc5 Bxc5 26. Raxc5 Rb8 27. Kd3 Kd6 28. e4 Ke7 29. Ke3 Rbd8 30. Rd2 Nc8 31. Bh3 g6 32. Rdc2 Nd6 33. d5 f5 34. e5 Ne4 35. d6+ Ke8 36. R5c4 Ng5 37. Bg2 Nf7 38. f4 Rb8 39. Rc7 Nd8 40. Rxd7 Kxd7 41. Rc7+ Ke8 42. d7+ {[%emt 0:00:00] Ra8 [%emt 00:01:12] Ke4+ [%emt 00:00:06]} 1-0

[Event "World Senior chT-65 2019"]
[Site "Rhodes"]
[Date "2019.04.20"]
[Round "5.29"]
[White "Carlsson, Ingvar"]
[Black "Boehnisch, Manfred"]
[Result "0-1"]
[ECO "B12"]
[WhiteElo "2119"]
[BlackElo "2287"]
[Annotator "NA"]
[PlyCount "102"]
[EventDate "2019.04.16"]
[EventType "team-tourn"]
[EventCountry "GRE"]
[SourceTitle "playchess.com"]
[Source "ChessBase"]
[SourceQuality "1"]
[WhiteTeam "Sweden"]
[BlackTeam "Germany"]
[WhiteTeamCountry "SWE"]
[BlackTeamCountry "GER"]
[TimeControl "40/5400+30:1800+30"]

1. e4 c6 2. d4 d5 3. f3 e6 4. Nc3 Qb6 5. a3 Nf6 6. Bg5 c5 7. Bb5+ Bd7 8. Bxd7+ Nbxd7 9. Nge2 cxd4 10. Nxd4 dxe4 11. fxe4 Rd8 12. Nb3 Nc5 13. Qe2 Nxb3 14. cxb3 Be7 15. b4 a6 16. Be3 Qc6 17. Bf2 Nd7 18. O-O Ne5 19. Bg3 Bf6 20. Qh5 Ng6 21. e5 Be7 22. Qe2 O-O 23. Kh1 Rd4 24. Rf2 Rfd8 25. Raf1 Nh8 26. b5 axb5 27. Qxb5 Qxb5 28. Nxb5 Rd3 29. Nd6 Bxd6 30. exd6 f6 31. Rc2 e5 32. Rc7 b5 33. Rb7 Rd5 34. Kg1 Nf7 35. Be1 Nxd6 36. Rb6 Nc4 37. Rb7 Nxb2 38. Ba5 R8d7 39. Rb8+ Kf7 40. Rb1 Nc4 41. Bb4 e4 42. Kf2 e3+ 43. Ke2 Rf5 44. Rf1 Rxf1 45. Kxf1 Rd1+ 46. Ke2 Rg1 47. Rxb5 Rxg2+ 48. Kd3 e2 49. Rb7+ Kg6 50. Kxc4 Rg4+ 51. Kd3 Rxb4 {[%emt 0:00:09] Kd4 [%emt 00:00:30]} 0-1

[Event "World Senior chT-65 2019"]
[Site "Rhodes"]
[Date "2019.04.20"]
[Round "5.31"]
[White "Grahn, Lars"]
[Black "Baumbach, Friedrich"]
[Result "1/2-1/2"]
[ECO "D37"]
[WhiteElo "1985"]
[BlackElo "2089"]
[Annotator "NA"]
[PlyCount "43"]
[EventDate "2019.04.16"]
[EventType "team-tourn"]
[EventCountry "GRE"]
[SourceTitle "playchess.com"]
[Source "ChessBase"]
[SourceQuality "1"]
[WhiteTeam "Sweden"]
[BlackTeam "Germany"]
[WhiteTeamCountry "SWE"]
[BlackTeamCountry "GER"]
[TimeControl "40/5400+30:1800+30"]

1. d4 d5 2. c4 e6 3. Nc3 Nf6 4. Nf3 Be7 5. Bf4 O-O 6. e3 Nbd7 7. c5 c6 8. h3 b6 9. b4 a5 10. a3 Ba6 11. Bxa6 Rxa6 12. O-O Qa8 13. Qb1 b5 14. Nd2 Qa7 15. Nb3 a4 16. Nd2 Re8 17. Qd3 Nf8 18. Nf3 Ng6 19. Bh2 Bd8 20. Ne5 Qe7 21. Nxg6 hxg6 22. Bd6 1/2-1/2

[Event "World Senior chT-65 2019"]
[Site "Rhodes"]
[Date "2019.04.20"]
[Round "5.32"]
[White "Just, Joachim"]
[Black "Svensson, Soren"]
[Result "1/2-1/2"]
[ECO "D03"]
[WhiteElo "1970"]
[BlackElo "1964"]
[Annotator "NA"]
[PlyCount "83"]
[EventDate "2019.04.16"]
[EventType "team-tourn"]
[EventCountry "GRE"]
[SourceTitle "playchess.com"]
[Source "ChessBase"]
[SourceQuality "1"]
[WhiteTeam "Germany"]
[BlackTeam "Sweden"]
[WhiteTeamCountry "GER"]
[BlackTeamCountry "SWE"]
[TimeControl "40/5400+30:1800+30"]

1. d4 d5 2. Nf3 Nf6 3. Bg5 Ne4 4. Bf4 c5 5. c3 Nc6 6. e3 Bg4 7. Be2 e6 8. h3 Bh5 9. Nbd2 Nxd2 10. Qxd2 Bd6 11. Bxd6 Qxd6 12. Bb5 O-O 13. Bxc6 Qxc6 14. g4 Bg6 15. Ne5 Qc7 16. O-O c4 17. f3 Qe7 18. Qf2 Qe8 19. Nxg6 hxg6 20. e4 Qd7 21. Rfe1 b5 22. Re2 a5 23. Rae1 Rfe8 24. Qh4 b4 25. Qg5 dxe4 26. Rxe4 Qa4 27. d5 bxc3 28. bxc3 Qb5 29. a4 Qc5+ 30. Kg2 Red8 31. Qf4 exd5 32. Re7 Rf8 33. Rc7 Qb6 34. Ree7 Qf6 35. Qe3 Rab8 36. Rb7 g5 37. Kg3 Rxb7 38. Rxb7 Qc6 39. Rb5 f6 40. Qd4 Qc7+ 41. Kg2 Rd8 42. Rxd5 1/2-1/2

[Event "World Senior chT-65 2019"]
[Site "Rhodes"]
[Date "2019.04.20"]
[Round "5.33"]
[White "Vucenovic, Dragomir"]
[Black "Thornton, John D"]
[Result "1-0"]
[ECO "A90"]
[WhiteElo "2168"]
[BlackElo "2061"]
[Annotator "NA"]
[PlyCount "87"]
[EventDate "2019.04.16"]
[EventType "team-tourn"]
[EventCountry "GRE"]
[SourceTitle "playchess.com"]
[Source "ChessBase"]
[SourceQuality "1"]
[WhiteTeam "Switzerland"]
[BlackTeam "Wales"]
[WhiteTeamCountry "SUI"]
[BlackTeamCountry "WLS"]
[TimeControl "40/5400+30:1800+30"]

1. Nf3 f5 2. g3 Nf6 3. Bg2 e6 4. d4 d5 5. O-O Bd6 6. b3 Qe7 7. Bb2 O-O 8. c4 c6 9. Qc1 Nbd7 10. Ba3 dxc4 11. Bxd6 Qxd6 12. bxc4 e5 13. e3 e4 14. Nfd2 c5 15. Qa3 Qb6 16. Nc3 cxd4 17. Rab1 Qc5 18. Qxc5 Nxc5 19. exd4 Ne6 20. Nb3 b6 21. f3 Ba6 22. fxe4 fxe4 23. Nxe4 Nxe4 24. Bxe4 Bxc4 25. Rfc1 Bxb3 26. Bxa8 Bxa2 27. Rb2 Rxa8 28. Rxa2 Nxd4 29. Rc7 b5 30. Raxa7 Rxa7 31. Rxa7 b4 32. Rd7 Nc6 33. Rb7 h6 34. Rb6 Ne5 35. Rxb4 Kf7 36. Rb6 Ng4 37. h3 Nf6 38. Kg2 h5 39. h4 Nd5 40. Ra6 Nf6 41. Kf3 g6 42. Ra7+ Ke6 43. Kf4 Ng4 44. Ke4 {[%emt 0:06:04] Kd5+ [%emt 00:00:02]} 1-0

[Event "World Senior chT-65 2019"]
[Site "Rhodes"]
[Date "2019.04.20"]
[Round "5.34"]
[White "Waterfield, John W"]
[Black "Bhend, Edwin"]
[Result "1/2-1/2"]
[ECO "B00"]
[WhiteElo "1928"]
[BlackElo "2120"]
[Annotator "NA"]
[PlyCount "25"]
[EventDate "2019.04.16"]
[EventType "team-tourn"]
[EventCountry "GRE"]
[SourceTitle "playchess.com"]
[Source "ChessBase"]
[SourceQuality "1"]
[WhiteTeam "Wales"]
[BlackTeam "Switzerland"]
[WhiteTeamCountry "WLS"]
[BlackTeamCountry "SUI"]
[TimeControl "40/5400+30:1800+30"]

1. e4 b6 2. d4 Bb7 3. Bd3 e6 4. Nf3 d6 5. O-O Ne7 6. Be3 Ng6 7. Ng5 Be7 8. f4 Nd7 9. Nd2 a6 10. Qh5 Nf6 11. Qe2 Ng8 12. Qh5 Nf6 13. Qe2 1/2-1/2

[Event "World Senior chT-65 2019"]
[Site "Rhodes"]
[Date "2019.04.20"]
[Round "5.35"]
[White "Kradolfer, Georg"]
[Black "Bevan, Peter M"]
[Result "1/2-1/2"]
[ECO "A18"]
[WhiteElo "2048"]
[BlackElo "1920"]
[Annotator "NA"]
[PlyCount "42"]
[EventDate "2019.04.16"]
[EventType "team-tourn"]
[EventCountry "GRE"]
[SourceTitle "playchess.com"]
[Source "ChessBase"]
[SourceQuality "1"]
[WhiteTeam "Switzerland"]
[BlackTeam "Wales"]
[WhiteTeamCountry "SUI"]
[BlackTeamCountry "WLS"]
[TimeControl "40/5400+30:1800+30"]

1. c4 Nf6 2. Nc3 e6 3. e4 d5 4. e5 d4 5. exf6 dxc3 6. bxc3 Qxf6 7. d4 b6 8. Nf3 Bb7 9. Be2 Bd6 10. Bg5 Qf5 11. Qd2 h6 12. Be3 Nd7 13. O-O Nf6 14. Nh4 Qa5 15. Qb2 g5 16. Nf3 g4 17. Nd2 Qh5 18. Qb5+ Qxb5 19. cxb5 h5 20. c4 Ne4 21. Nxe4 Bxe4 1/2-1/2

[Event "World Senior chT-65 2019"]
[Site "Rhodes"]
[Date "2019.04.20"]
[Round "5.36"]
[White "Harle, Bill"]
[Black "Illi, Hans-Joerg"]
[Result "1/2-1/2"]
[ECO "A46"]
[WhiteElo "1734"]
[BlackElo "2002"]
[Annotator "NA"]
[PlyCount "63"]
[EventDate "2019.04.16"]
[EventType "team-tourn"]
[EventCountry "GRE"]
[SourceTitle "playchess.com"]
[Source "ChessBase"]
[SourceQuality "1"]
[WhiteTeam "Wales"]
[BlackTeam "Switzerland"]
[WhiteTeamCountry "WLS"]
[BlackTeamCountry "SUI"]
[TimeControl "40/5400+30:1800+30"]

1. d4 Nf6 2. Nf3 e6 3. g3 b5 4. Bg2 Bb7 5. O-O Be7 6. Nbd2 O-O 7. b3 c5 8. Bb2 d5 9. c4 bxc4 10. bxc4 Nbd7 11. cxd5 Bxd5 12. Re1 Rb8 13. Bc3 Ne4 14. Nxe4 Bxe4 15. Nd2 Bxg2 16. Kxg2 Nf6 17. dxc5 Bxc5 18. Bxf6 Qxf6 19. Ne4 Qe7 20. Nxc5 Qxc5 21. Qc1 Qa5 22. e3 Rfc8 23. Qd1 Rd8 24. Qf3 g6 25. Qf4 Rb2 26. Red1 Rdd2 27. Rxd2 Qxd2 28. Qf6 h5 29. a4 Qd5+ 30. Kg1 Rd2 31. Qf4 Kg7 32. Qb4 1/2-1/2

[Event "World Senior chT-65 2019"]
[Site "Rhodes"]
[Date "2019.04.20"]
[Round "5.37"]
[White "Rooze, Jan"]
[Black "Rantanen, Veikko"]
[Result "1-0"]
[ECO "B12"]
[WhiteElo "2261"]
[BlackElo "1971"]
[Annotator "NA"]
[PlyCount "109"]
[EventDate "2019.04.16"]
[EventType "team-tourn"]
[EventCountry "GRE"]
[SourceTitle "playchess.com"]
[Source "ChessBase"]
[SourceQuality "1"]
[WhiteTeam "Belgium"]
[BlackTeam "Finland"]
[WhiteTeamCountry "BEL"]
[BlackTeamCountry "FIN"]
[TimeControl "40/5400+30:1800+30"]

1. e4 c6 2. d4 d5 3. e5 Bf5 4. Nd2 e6 5. Nb3 a6 6. Nf3 Nd7 7. Be3 Qc7 8. Rc1 c5 9. c4 Be4 10. cxd5 Bxd5 11. Nxc5 Bxc5 12. dxc5 Ne7 13. Bd3 Nxe5 14. Nxe5 Qxe5 15. O-O O-O 16. Qc2 g6 17. Rfe1 Rfc8 18. Qd2 Nc6 19. Bb1 Qh5 20. Bf4 Qg4 21. Bg3 Rd8 22. Qh6 Qd4 23. b3 Rac8 24. h3 Qg7 25. Qg5 Rd7 26. Red1 Rcd8 27. Qe3 h6 28. Rd2 Kh7 29. Rcd1 Rc8 30. Be4 Re7 31. Bd6 Ree8 32. Bb1 Qf6 33. Bf4 Qg7 34. a3 Na5 35. Bc2 Nc6 36. h4 h5 37. b4 Qf6 38. Qg3 Rg8 39. Kh2 Rge8 40. Bg5 Qe5 41. f4 Qg7 42. f5 gxf5 43. Rxd5 exd5 44. Bxf5+ Kg8 45. Bxc8 Rxc8 46. Rxd5 Nd4 47. Rd7 b6 48. cxb6 Nf5 49. b7 Rf8 50. b8=Q Nxg3 51. Qxg3 Rc8 52. Qf4 Rc3 53. Rd8+ Kh7 54. Qf5+ Qg6 55. Qe5 1-0

[Event "World Senior chT-65 2019"]
[Site "Rhodes"]
[Date "2019.04.20"]
[Round "5.38"]
[White "Ranki, Martti"]
[Black "Van de Wynkele, Herman"]
[Result "1/2-1/2"]
[ECO "A31"]
[WhiteElo "1940"]
[BlackElo "2129"]
[Annotator "NA"]
[PlyCount "74"]
[EventDate "2019.04.16"]
[EventType "team-tourn"]
[EventCountry "GRE"]
[SourceTitle "playchess.com"]
[Source "ChessBase"]
[SourceQuality "1"]
[WhiteTeam "Finland"]
[BlackTeam "Belgium"]
[WhiteTeamCountry "FIN"]
[BlackTeamCountry "BEL"]
[TimeControl "40/5400+30:1800+30"]

1. d4 Nf6 2. c4 c5 3. Nf3 cxd4 4. Nxd4 e5 5. Nc2 d5 6. cxd5 Bc5 7. e3 Bf5 8. Bb5+ Nbd7 9. O-O O-O 10. Nd2 Rc8 11. Ne1 e4 12. Nb3 Bd6 13. Nd4 Bxh2+ 14. Kxh2 Ng4+ 15. Kg1 Qh4 16. Nef3 exf3 17. Nxf3 Qh5 18. Bxd7 Bxd7 19. e4 Rc4 20. Re1 Re8 21. Bf4 Rcxe4 22. Rxe4 Rxe4 23. Bg3 Nf6 24. d6 Qf5 25. Qd2 Nh5 26. Bh2 Rg4 27. Ne5 Re4 28. Nxd7 Qxd7 29. Re1 Rxe1+ 30. Qxe1 Nf6 31. Qc3 Qc6 32. Qe3 Nd5 33. Qd2 f6 34. Bg3 Kf7 35. Qe2 g5 36. Qh5+ Kg7 37. Qg4 Nb6 1/2-1/2

[Event "World Senior chT-65 2019"]
[Site "Rhodes"]
[Date "2019.04.20"]
[Round "5.39"]
[White "Van Herck, Marcel"]
[Black "Alkkiomaki, Jyrki"]
[Result "1-0"]
[ECO "C84"]
[WhiteElo "2066"]
[BlackElo "1908"]
[Annotator "NA"]
[PlyCount "72"]
[EventDate "2019.04.16"]
[EventType "team-tourn"]
[EventCountry "GRE"]
[SourceTitle "playchess.com"]
[Source "ChessBase"]
[SourceQuality "1"]
[WhiteTeam "Belgium"]
[BlackTeam "Finland"]
[WhiteTeamCountry "BEL"]
[BlackTeamCountry "FIN"]
[TimeControl "40/5400+30:1800+30"]

1. e4 e5 2. Nf3 Nc6 3. Bb5 a6 4. Ba4 Nf6 5. O-O Be7 6. d4 Nxd4 7. Nxd4 exd4 8. e5 Nd5 9. Qg4 Bf8 10. Qxd4 c6 11. Bb3 Nc7 12. Nc3 Ne6 13. Bxe6 dxe6 14. Qg4 Qc7 15. Bf4 Bd7 16. Ne4 O-O-O 17. Rfd1 h6 18. h4 g6 19. Rd3 f5 20. exf6 e5 21. Rxd7 Rxd7 22. Bg3 g5 23. hxg5 hxg5 24. Qxg5 Rdh7 25. Qf5+ Qd7 26. Qxd7+ Kxd7 27. Rd1+ Kc8 28. Kf1 Rh1+ 29. Ke2 Rxd1 30. Kxd1 Rh1+ 31. Ke2 Rg1 32. Kf3 Rc1 33. Bxe5 Rxc2 34. g4 Kd7 35. g5 Ke6 36. g6 Kd5 1-0

[Event "World Senior chT-65 2019"]
[Site "Rhodes"]
[Date "2019.04.20"]
[Round "5.40"]
[White "Kauko, Pekka"]
[Black "Schrickx, Frank"]
[Result "0-1"]
[ECO "D02"]
[WhiteElo "1902"]
[BlackElo "1823"]
[Annotator "NA"]
[PlyCount "110"]
[EventDate "2019.04.16"]
[EventType "team-tourn"]
[EventCountry "GRE"]
[SourceTitle "playchess.com"]
[Source "ChessBase"]
[SourceQuality "1"]
[WhiteTeam "Finland"]
[BlackTeam "Belgium"]
[WhiteTeamCountry "FIN"]
[BlackTeamCountry "BEL"]
[TimeControl "40/5400+30:1800+30"]

1. Nf3 d5 2. d4 Nf6 3. a4 g6 4. Nbd2 Bg7 5. e3 O-O 6. Bd3 c5 7. b3 cxd4 8. exd4 Bg4 9. O-O Nc6 10. c3 e5 11. dxe5 Nxe5 12. Be2 Nxf3+ 13. Bxf3 Bxf3 14. Qxf3 Re8 15. Ra2 Rc8 16. c4 Qa5 17. h3 Re6 18. cxd5 Qxd5 19. Qxd5 Nxd5 20. Nc4 Nc3 21. Rc2 Ne2+ 22. Kh1 Nxc1 23. Rfxc1 b6 24. g3 Bf8 25. Rd1 a6 26. Rcd2 Bc5 27. f4 Rce8 28. Ne5 f6 29. Ng4 Re1+ 30. Rxe1 Rxe1+ 31. Kg2 Kf7 32. Kf3 h5 33. Nf2 Re3+ 34. Kg2 Rxb3 35. Ne4 Be7 36. Nd6+ Ke6 37. Nc8 Bc5 38. Rc2 Kd7 39. Na7 Ra3 40. Rc4 Kc7 41. f5 g5 42. Re4 Ra2+ 43. Kh1 Kb7 44. Re6 Kxa7 45. Rxf6 Rxa4 46. Rh6 h4 47. Rh7+ Kb8 48. Kg2 hxg3 49. Rg7 Rf4 50. Rxg5 a5 51. Kxg3 Rf1 52. h4 a4 53. h5 a3 54. h6 Rg1+ 55. Kh4 Rh1+ 0-1

[Event "World Senior chT-65 2019"]
[Site "Rhodes"]
[Date "2019.04.20"]
[Round "5.41"]
[White "Scrimgour, Alan"]
[Black "Carlsten, Peter"]
[Result "1/2-1/2"]
[ECO "C41"]
[WhiteElo "2087"]
[BlackElo "2002"]
[Annotator "NA"]
[PlyCount "29"]
[EventDate "2019.04.16"]
[EventType "team-tourn"]
[EventCountry "GRE"]
[SourceTitle "playchess.com"]
[Source "ChessBase"]
[SourceQuality "1"]
[WhiteTeam "Scotland"]
[BlackTeam "Sweden"]
[WhiteTeamCountry "SCO"]
[BlackTeamCountry "SWE"]
[TimeControl "40/5400+30:1800+30"]

1. e4 d6 2. d4 Nf6 3. Nc3 e5 4. Nf3 Nbd7 5. g3 Be7 6. Bg2 O-O 7. O-O c6 8. a4 b6 9. Re1 a6 10. b3 Re8 11. Bb2 Qc7 12. Qd2 Bb7 13. Rad1 b5 14. axb5 axb5 15. dxe5 1/2-1/2

[Event "World Senior chT-65 2019"]
[Site "Rhodes"]
[Date "2019.04.20"]
[Round "5.42"]
[White "Gustavsson, Sture"]
[Black "White, Alastair F"]
[Result "*"]
[ECO "B07"]
[WhiteElo "1976"]
[BlackElo "2108"]
[Annotator "NA"]
[PlyCount "27"]
[EventDate "2019.04.16"]
[EventType "team-tourn"]
[EventCountry "GRE"]
[SourceTitle "playchess.com"]
[Source "ChessBase"]
[SourceQuality "1"]
[WhiteTeam "Sweden"]
[BlackTeam "Scotland"]
[WhiteTeamCountry "SWE"]
[BlackTeamCountry "SCO"]
[TimeControl "40/5400+30:1800+30"]

1. d4 d6 2. e4 Nf6 3. Nc3 c6 4. Nf3 b5 5. Bd3 Bg4 6. O-O Nbd7 7. Re1 b4 8. Nb1 e5 9. c3 Be7 10. Be3 bxc3 11. bxc3 O-O 12. Nbd2 d5 13. h3 exd4 14. cxd4 *